 Dungeon Crawl Stone Soup version 0.31-a0-810-ga77100ea1a (webtiles) character file.

Game seed: 6863335403376172153

273 Persimmons the Ruffian (level 6, 0/38 HPs)
             Began as a Merfolk Shapeshifter on Sept 21, 2023.
             Succumbed to a killer bee's poison
             ... on level 3 of the Dungeon.
             The game lasted 00:07:06 (3214 turns).

Persimmons the Ruffian (Merfolk Shapeshifter)       Turns: 3214, Time: 00:07:06

Health: 0/38       AC:  3    Str: 17    XL:     6   Next: 24%
Magic:  1/7        EV: 12    Int:  9    God:
Gold:   151        SH:  0    Dex: 13    Spells: 6/7 levels left

rFire   . .          .
                       - Unarmed
rCold   + . .        (no shield)
rNeg    . . .        k - +0 leather armour
rPois   .            (helmet currently unavailable)
rElec   .            (cloak currently unavailable)
rCorr   .            (gloves currently unavailable)
SInv    .            (boots currently unavailable)
Will    .....        t - amulet of guardian spirit
Stlth   +            j - ring of wizardry
HPRegen 0.26/turn    u - ring of protection from cold
MPRegen 0.10/turn

%: random rage (3%), guardian spirit, wizardry (x1)
@: lethally poisoned (0 -> -11), beast-form
A: beast (slay +2), (nimble swimmer 2), mertail, berserk 1, frail 1
a: Begin Untransformation


You were on level 3 of the Dungeon.
You were a hulking beast.
You visited 1 branch of the dungeon, and saw 4 of its levels.

You collected 151 gold pieces.

Inventory:

Hand Weapons
 e - the +1 spear of the Shining Light {freeze, Will++}
   (You found it on level 3 of the Dungeon)

   Will++:    It greatly increases your willpower.
Missiles
 p - 6 poisoned darts
Armour
 a - a +0 animal skin
 k - a +0 leather armour (worn)
 s - a +0 ring mail
Jewellery
 j - a ring of wizardry (left hand)
 t - an amulet of guardian spirit (around neck)
 u - a ring of protection from cold (right hand)
Talismans
 c - a beast talisman (active)
 d - a flux talisman
Wands
 b - a wand of charming (6)
Scrolls
 f - 2 scrolls of identify {unknown}
 g - a scroll of enchant armour {unknown}
 h - 3 scrolls of teleportation {unknown}
 i - a scroll of silence {unknown}
 n - a scroll of poison {unknown}
 q - 2 scrolls of revelation {unknown}
 r - a scroll of immolation
Potions
 l - a potion of berserk rage {unknown}
 m - a potion of mutation
 o - a potion of haste {unknown}


   Skills:
 - Level 1.1 Fighting
 - Level 2.6 Dodging
 * Level 6.6 Unarmed Combat
 - Level 1.0 Spellcasting
 - Level 1.0 Summonings
 + Level 4.9 Shapeshifting


You had 6 spell levels left.
You knew the following spells:

 Your Spells              Type           Power      Damage    Failure   Level
a - Summon Small Mammal   Summ           8%         N/A       12%         1

Your spell library contained the following spells:

 Spells                   Type           Power      Damage    Failure   Level
 Apportation              Tloc           0%         N/A       17%         1
 Necrotise                Necr           0%         1d4       17%         1


Dungeon Overview and Level Annotations

Branches:
Dungeon (4/15)
 Temple: D:4-7

Altars:
Trog
Wu Jian


Innate Abilities, Weirdness & Mutations

You are a hulking beast.
Your limbs bulge with bestial killing power. (Slay +2)
((You are very nimble when in or above water. (Stealth+, EV+, Speed+++)))
Your lower body shifts to a powerful aquatic tail in water.
You sometimes lose your temper in combat.
You are frail. (-10% HP)


Message History

The killer bee stings you but does no damage.
You climb upwards.
There is a stone staircase leading down here.
Casting: Summon Small Mammal (safe; 12% risk of failure)
Confirm with . or Enter, or press ? or * to list all spells.
The killer bee closely misses you. The killer bee stings you!
You miss the killer bee. The killer bee stings you.
You miss the killer bee. The killer bee barely misses you.
The killer bee stings you!
You miss the killer bee. The killer bee barely misses you.
Your rat closely misses the killer bee.
The killer bee stings you!
You hit the killer bee.
The killer bee is lightly wounded.
The killer bee stings you but does no damage.
Your rat misses the killer bee. The killer bee misses you.
You hit the killer bee.
The killer bee is heavily wounded.
The killer bee completely misses you.
Your rat closely misses the killer bee.
The killer bee stings you.
You are poisoned.
The killer bee poisons you!
You miss the killer bee.
The killer bee is heavily wounded.
You feel sick. The killer bee closely misses you.
Your rat completely misses the killer bee.
You closely miss the killer bee.
The killer bee is heavily wounded.
The killer bee misses you. The killer bee stings you.
* * * LOW HITPOINT WARNING * * *
Your rat bites the killer bee.
You hit the killer bee.
The killer bee is almost dead.
You feel sick. The killer bee stings you.
* * * LOW HITPOINT WARNING * * *
You are more poisoned.
The killer bee poisons you! The killer bee barely misses you.
Your rat completely misses the killer bee.
It was a potion of mutation.
You feel extremely strange.
You feel a little pissed off.
You feel frail.
You die...

# #.....# #.######......<#
####..######......#.#####.#
##....._#....#.#..#.#...#<#
.###..######..###.#...#...#
###.....# #.##....)g###..#
##8..8### #..#.#.#.†.#g..#
#.#..##.# #.#....#.......#
### ##.#...#.#
#....y.######.######..
.#....)†.#
###.rh##..<##.........
.###...###
#........#########.# .# #...#
#...##.).####### #.#
.###...############...#.....#
#.#
............######.#.#......#
#..
............................#
###
............######..........#
.###...###### #..........#
().....# ##.#.#.#########


You could see a killer bee (ally target) and a friendly rat (summoned).

Vanquished Creatures
  Ijyb (D:2)
  Natasha (thrice) (D:3)
  3 gnolls
  5 adders
  A worm (D:3)
  3 dart slugs
  An orc (D:3)
  12 endoplasms
  4 giant cockroaches
  10 hobgoblins
  5 jackals
  A quokka (D:1)
  6 ball pythons
  4 bats
  5 frilled lizards
  10 goblins
  8 kobolds
  6 rats
88 creatures vanquished.

Notes
Turn   | Place    | Note
-------+----------+-------------------------------------------
     0 | D:1      | Persimmons the Merfolk Shapeshifter began the quest for the
                  | Orb.
     0 | D:1      | Reached XP level 1. HP: 15/15 MP: 1/1
   115 | D:1      | Reached XP level 2. HP: 19/21 MP: 2/2
   137 | D:1      | Learned a level 1 spell: Summon Small Mammal
   391 | D:1      | Reached skill level 4 in Unarmed Combat
   481 | D:1      | Reached XP level 3. HP: 26/26 MP: 3/3
  1181 | D:2      | Reached XP level 4. HP: 30/32 MP: 3/5
  1567 | D:2      | Noticed Ijyb
  1617 | D:2      | Killed Ijyb
  1618 | D:2      | Reached skill level 5 in Unarmed Combat
  1618 | D:2      | Reached skill level 1 in Spellcasting
  1754 | D:2      | Reached XP level 5. HP: 35/37 MP: 6/6
  1924 | D:3      | Reached skill level 1 in Summonings
  2010 | D:3      | Identified the +1 spear of the Shining Light {freeze,
                  | Will++}
  2029 | D:3      | Found a faded altar of an unknown god.
  2286 | D:3      | Noticed Natasha
  2299 | D:3      | Killed Natasha
  2386 | D:3      | Found a bloodstained altar of Trog.
  2392 | D:3      | Found an ornate altar of the Wu Jian Council.
  2453 | D:3      | Noticed Natasha
  2538 | D:3      | Killed Natasha
  2539 | D:3      | Reached skill level 6 in Unarmed Combat
  2685 | D:2      | Reached XP level 6. HP: 16/43 MP: 1/7
  3113 | D:3      | Noticed Natasha
  3117 | D:3      | Killed Natasha
  3213 | D:3      | HP: 2/43 [killer bee (5)]
  3214 | D:3      | Gained mutation: You sometimes lose your temper in combat.
                  | [potion of mutation]
  3214 | D:3      | Gained mutation: You are frail. (-10% HP) [potion of
                  | mutation]
  3214 | D:3      | Succumbed to a killer bee's poison

Illustrated notes

Levels and vault maps discovered:
D:1:      nzn_arrival_depleted_hourglass, layout_basic, nrook_loot_triangle
D:2:      kennysheep_the_goblin_king, layout_basic
D:3:      layout_loops_cross, minitemple, hellmonk_ecumenical_altar_blasted,
          uniq_ijyb, uniq_natasha
D:4:      layout_loops_ring, serial_shops, nicolae_shop_peninsula,
          nicolae_shop_gibbet_a_chance, nicolae_shop_statue_plus, shop,
          nicolae_inconvenience_store

Skill      XL: |  1  2  3  4  5 |
---------------+----------------+-----
Unarmed Combat | 4 5 6 |  6.6
Spellcasting   | 1 |  1.0
Summonings     | 1 |  1.0
Fighting       | |  1.1
Dodging        | |  2.6
Shapeshifting  | |  4.9

Action                     |  1- 3 |  4- 6 || total
---------------------------+-------+-------++-------
  Melee: Unarmed           |    80 |   138 ||   218
         Punch             |     4 |     5 ||     9
   Cast: Summon Small Mamm |       |     8 ||     8
    Use: Potion            |       |     3 ||     3
   Stab: Sleeping          |     1 |       ||     1
 Armour: Animal skin       |    15 |       ||    15
         Leather armour    |    14 |    94 ||   108
         Skin              |       |    21 ||    21
  Dodge: Dodged            |    39 |    89 ||   128
         Form:             |     1 |       ||     1
         Beast             |     1 |       ||     1

Table legend: (Time is in decaauts)
 A = Elapsed time spent in this place.
 B = Non-inter-level travel time spent in this place.
 C = Inter-level travel time spent in this place.
 D = Time resting spent in this place.
 E = Time spent auto-exploring this place.
 F = Levels seen in this place.
 G = Mean time per level.
                   A        B        C        D        E       F      G
               +--------+--------+--------+--------+--------+-----+--------+
         Total |   3227 |   3042 |    185 |    307 |   2037 |   4 |  806.8 |
       Dungeon |   3227 |   3042 |    185 |    307 |   2037 |   4 |  806.8 |
               +--------+--------+--------+--------+--------+-----+--------+

Top non-repeatable levels by time:
     D:2: 1193 daAuts
     D:3: 1071 daAuts
     D:1: 957 daAuts
     D:4: 4 daAuts
